 Dungeon Crawl Stone Soup version 0.29-a0-322-g68df515428 (webtiles) character file.

Game seed: 15717064379106955045

30 kae the Firebug (level 3, -8/20 HPs)
             Began as a Tengu Fire Elementalist on Apr 7, 2022.
             Mangled by a gnoll
             ... wielding the +5 dagger of a bazaar {venom, rElec rC+++ Will- SInv}
              (9 damage)
             ... on level 2 of the Dungeon.
             The game lasted 00:00:24 (1237 turns).

kae the Firebug (Tengu Fire Elementalist)           Turns: 1237, Time: 00:00:25

Health: -8/20      AC:  3    Str:  8    XL:     3   Next: 20%
Magic:  2/7        EV: 12    Int: 17    God:
Gold:   46         SH:  0    Dex: 14    Spells: 5/6 levels left

rFire   . . .      SeeInvis .   (no weapon)
rCold   . . .      Faith    .   (no shield)
rNeg    . . .      Spirit   .   a - +1 robe
rPois   .          Reflect  .   (helmet restricted)
rElec   .          Harm     .   (no cloak)
rCorr   .          Rampage  .   (no gloves)
Will    .....                   (boots unavailable)
Stlth   ++........              (no amulet)
HPRegen 0.06/turn               (no ring)
MPRegen 0.10/turn               (no ring)

@: lethally poisoned (-8 -> -22)
A: beak, talons 3
a: no special abilities


You were on level 2 of the Dungeon.
You visited 1 branch of the dungeon, and saw 2 of its levels.

You collected 46 gold pieces.

Inventory:

Armour
 a - a +1 robe (worn)
Scrolls
 c - a scroll of enchant armour
Potions
 b - 2 potions of magic
 d - a potion of brilliance {unknown}


   Skills:
 + Level 0.6 Fighting
 + Level 0.8 Armour
 + Level 2.5 Dodging
 - Level 2.0 Stealth
 + Level 2.2 Spellcasting
 + Level 2.0 Conjurations
 * Level 3.7 Fire Magic


You had 5 spell levels left.
You knew the following spells:

 Your Spells              Type           Power      Damage    Failure   Level
a - Foxfire               Conj/Fire      44%        2x1d6     6%          1

Your spell library contained the following spells:

 Spells                   Type           Power      Damage    Failure   Level
 Scorch                   Fire           28%        2d6       6%          2
 Conjure Flame            Conj/Fire      11%        6-21      17%         3
 Sandblast                Erth           2%         2d4       19%         1
 Inner Flame              Hex/Fire       8%         N/A       26%         3
 Passwall                 Tmut/Erth      0%         N/A       28%         2
 Stone Arrow              Conj/Erth      10%        3d7       36%         3
 Flame Wave               Conj/Fire      11%        2d5       50%         4
 Cause Fear               Hex            0%         N/A       88%         4
 Discord                  Hex            0%         N/A       100%        8


Dungeon Overview and Level Annotations

Branches:
Dungeon (2/15)

Altars:


Innate Abilities, Weirdness & Mutations

You have a beak for a mouth.
You have claws for feet.


Message History

The foxfire hits the gnoll.
The gnoll is heavily wounded.
Casting: Foxfire (safe; 7% risk of failure)
Confirm with . or Enter, or press ? or * to list all spells.
You conjure some foxfire!
A gnoll comes into view. It is wielding a +0 club.
The foxfire hits the gnoll.
The gnoll is heavily wounded.
The foxfire hits the gnoll.
The gnoll is severely wounded.
The gnoll closely misses you.
Casting: Foxfire (safe; 7% risk of failure)
Confirm with . or Enter, or press ? or * to list all spells.
You conjure some foxfire!
The gnoll misses you.
The foxfire hits the gnoll.
The gnoll is almost dead.
The foxfire hits the gnoll.
The gnoll is almost dead.
The gnoll hits you with a +0 whip of holy wrath.
Casting: Foxfire (safe; 7% risk of failure)
Confirm with . or Enter, or press ? or * to list all spells.
You conjure some foxfire!
The gnoll barely misses you.
The foxfire hits the gnoll but does no damage.
The gnoll is almost dead.
The foxfire hits the gnoll.
You kill the gnoll!
Your Conjurations skill increases to level 2!
You have reached level 3!
Your experience leads to an increase in your attributes!
Increase (S)trength, (I)ntelligence, or (D)exterity?
You feel clever. x2
The gnoll attacks as you move away!
The gnoll hits you with the +5 dagger of a bazaar {venom, rElec rC+++ Will- SInv}!
* * * LOW HITPOINT WARNING * * *
You are lethally poisoned!
* * * LOW HITPOINT WARNING * * *
You feel very sick. The gnoll attacks as you move away!
The gnoll hits you with the +5 dagger of a bazaar {venom, rElec rC+++ Will- SInv}!
You die...

#.#......####### #..##.#
#......# ##.##.#
#......# #..#.# #......#
##.#.# #......# . #.#g#
#......#
...#####.).###......####
..........g.....).......
..###..#.@###.[....###
#..#..# ##.....#<#
#..#.># #.###.#)#
#..##.# #.# #...#
#..##.# #.# #####
#.....# #.. #.##### ###
#.


You could see 2 gnolls.

Vanquished Creatures
  2 gnolls (D:2)
  A dart slug (D:1)
  A ball python (D:1)
  2 endoplasms (D:1)
  2 quokkas (D:1)
  A bat (D:1)
  A frilled lizard (D:1)
10 creatures vanquished.

Vanquished Creatures (collateral kills)
  2 foxfires (D:1)
2 creatures vanquished.

Vanquished Creatures (others)
  33 foxfires
33 creatures vanquished.

Grand Total: 45 creatures vanquished

Notes
Turn   | Place    | Note
-------+----------+-------------------------------------------
     0 | D:1      | kae the Tengu Fire Elementalist began the quest for the
                  | Orb.
     0 | D:1      | Reached XP level 1. HP: 10/10 MP: 4/4
   530 | D:1      | Found a faded altar of an unknown god.
   566 | D:1      | Reached XP level 2. HP: 5/15 MP: 1/6
  1228 | D:2      | Identified the +5 dagger of a bazaar {venom, rElec rC+++
                  | Will- SInv}
  1236 | D:2      | Reached XP level 3. HP: 14/20 MP: 2/7
  1236 | D:2      | HP: 1/20 [poisoned by a gnoll]
  1237 | D:2      | Mangled by a gnoll

Illustrated notes

Levels and vault maps discovered:
D:1:      onia_arrival_pyramid, layout_basic, shapermc_ecumenical_altar_petra,
          serial_forest, infiniplex_forest_lined_room_2,
          infiniplex_forest_straight_2, infiniplex_forest_lined_3,
          infiniplex_forest_end_3, infiniplex_forest_clump_curved,
          infiniplex_forest_clump_curved, infiniplex_forest_lined_3
D:2:      layout_basic

Skill      XL: |  1  2 |
---------------+-------+-----
Conjurations   | 2 |  2.0
Fighting       | |  0.6
Armour         | |  0.8
Dodging        | |  2.5
Stealth        | |  2.0
Spellcasting   | |  2.2
Fire Magic     | |  3.7

Action                   || total
-------------------------++-------
Melee: Unarmed           ||     6
       Peck              ||     3
       Kick              ||     1
 Cast: Foxfire           ||    24
  Use: Scroll            ||     1
Armor: Robe              ||     3
Dodge: Dodged            ||    12

Table legend: (Time is in decaauts)
 A = Elapsed time spent in this place.
 B = Non-inter-level travel time spent in this place.
 C = Inter-level travel time spent in this place.
 D = Time resting spent in this place.
 E = Time spent auto-exploring this place.
 F = Levels seen in this place.
 G = Mean time per level.
                   A        B        C        D        E       F      G
               +--------+--------+--------+--------+--------+-----+--------+
         Total |   1236 |   1227 |      9 |      0 |   1134 |   2 |  618.0 |
       Dungeon |   1236 |   1227 |      9 |      0 |   1134 |   2 |  618.0 |
               +--------+--------+--------+--------+--------+-----+--------+

Top non-repeatable levels by time:
     D:1: 1115 daAuts
     D:2: 121 daAuts
